 Dungeon Crawl Stone Soup version 0.24-a0-458-gfcb5e6d (webtiles) character file.

Game seed: 3070449700149036099

410 Atlas the Digger (level 6, -4/47 HPs)
             Began as a Draconian Earth Elementalist on June 27, 2019.
             Was a Follower of Sif Muna.
             Killed from afar by an orc wizard (6 damage)
             ... with a magic dart
             ... on level 5 of the Dungeon.
             The game lasted 00:09:45 (5906 turns).

Atlas the Digger (Draconian Earth Elementalist)     Turns: 5906, Time: 00:09:46

Health: -4/47      AC:  8    Str:  6    XL:     6   Next: 58%
Magic:  0/11       EV: 13    Int: 17    God:    Sif Muna [*.....]
Gold:   268        SH:  4    Dex: 11    Spells: 6/12 levels left

rFire    + + .     SeeInvis .   z - +1 short sword of Popular Demand {pierce, +Fly rF++ Str-5}
rCold    . . .     Gourm    .   (no shield)
rNeg     . . .     Faith    .   (armour unavailable)
rPois    .         Spirit   .   (helmet restricted)
rElec    .         Reflect  +   r - +0 cloak
rCorr    .         Harm     .   u - +0 pair of gloves
MR       .....                  (no boots)
Stlth    ++........             l - +4 amulet of reflection
HPRegen  0.15/turn              h - ring of wizardry
MPRegen  0.12/turn              (no ring)

@: slowed, very slow
A: unfitting armour, cold-blooded, AC +6
a: Channel Magic, Renounce Religion, Evoke Flight


You were on level 5 of the Dungeon.
You worshipped Sif Muna.
Sif Muna was aware of your devotion.
You were hungry.

You visited 1 branch of the dungeon, and saw 5 of its levels.
You also visited: Sewer.

You collected 268 gold pieces.

Inventory:

Hand Weapons
 z - the +1 short sword of Popular Demand (weapon) {pierce, +Fly rF++ Str-5}
   (You found it on level 4 of the Dungeon)

   It inflicts extra damage upon your enemies.
   It affects your strength (-5).
   It greatly protects you from fire.
   It lets you fly.
Missiles
 b - 14 stones
 n - 8 atropa-tipped darts (quivered)
Armour
 r - a +0 cloak (worn)
 u - a +0 pair of gloves (worn)
 y - a scarf of spirit shield
Magical Staves
 x - an uncursed staff of poison
Jewellery
 h - a ring of wizardry (left hand)
 l - a +4 amulet of reflection (around neck)
 o - an uncursed amulet of the gourmand
Wands
 q - a wand of acid (10)
Scrolls
 g - a scroll of enchant armour
 i - 3 scrolls of remove curse
 k - 3 scrolls of enchant weapon
 m - 4 scrolls of fear
 p - a scroll of amnesia
 t - a scroll of blinking {unknown}
 v - 3 scrolls of teleportation {unknown}
 B - 2 scrolls of magic mapping
Potions
 a - a potion of might {unknown}
 d - 2 potions of brilliance
 e - 2 potions of degeneration
 f - a potion of flight
 j - 2 potions of curing
 s - 2 potions of cancellation {unknown}
 w - a potion of lignification {unknown}
Comestibles
 c - 9 rations


   Skills:
 + Level 1.4 Fighting
 + Level 0.9 Short Blades
 + Level 0.1 Staves
 + Level 3.0 Dodging
 + Level 3.2 Stealth
 + Level 1.4 Unarmed Combat
 + Level 3.7 Spellcasting
 + Level 0.6 Conjurations
 + Level 1.0 Transmutations
 + Level 4.2 Earth Magic


You had 6 spell levels left.
You knew the following spells:

 Your Spells              Type           Power        Failure   Level  Hunger
a - Sandblast             Erth           ###...       1%          1    None
b - Passwall              Tmut/Erth      ##......     3%          2    ##.....
c - Stone Arrow           Conj/Erth      ##....       8%          3    ###....

Your spell library contained the following spells:

 Spells                   Type           Power        Failure   Level  Hunger
 Petrify                  Tmut/Erth      ##......     22%         4    ####...
 Lee's Rapid Deconstruct  Erth           ###.......   30%         5    ######.


Dungeon Overview and Level Annotations

Branches:
Dungeon (5/15)             Temple (0/1) D:4

Altars:
Nemelex Xobeh
Ru
Sif Muna
The Shining One


Innate Abilities, Weirdness & Mutations

Your plain brown scales are hard. (AC +6)
You cannot fit into any form of body armour.
You are cold-blooded and may be slowed by cold attacks.


Message History

Confirm with . or Enter, or press ? or * to list all spells.
Aiming: Sandblast (safe; 1% risk of failure)
Press: ? - help, Shift-Dir - straight line, f/p - orc priest
Aim: an orc priest, wielding a +0 short sword (almost dead)
The blast of sand hits the orc!
You kill the orc!
Sif Muna accepts your kill.
b - 14 stones The orc wizard gestures at you while chanting.
The magic dart hits you.
The orc wizard mumbles some strange words.
The orc wizard blinks!
The orc priest begins to cast a cantrip, but forgets the words!
The orc priest hits you with a +0 short sword.
The orc priest calls down the wrath of Beogh upon you.
Beogh smites you!
* * * LOW HITPOINT WARNING * * *
The orc wizard gestures at you while chanting.
The magic dart hits you.
You die...

#.# #.########
#........#
########.# #.# #.#
#o# #.#
***************#@#
,,,,,,,,,.......o#
*********#########


You could see an orc priest and an orc wizard.

Vanquished Creatures
  Purgy (Sewer)
  A hound (D:4)
  A worker ant (D:4)
  Terence (D:1)
  Natasha (thrice) (D:3)
  An orc wizard (D:5)
  4 adders
  2 oozes (D:4)
  An adder skeleton (D:4)
  4 worms
  4 leopard geckos
  4 orcs
  4 ball pythons
  9 bats
  4 giant cockroaches
  5 hobgoblins
  2 jackals (D:1)
  2 quokkas (D:2)
  7 frilled lizards
  10 goblins
  9 kobolds
  5 rats
84 creatures vanquished.

Notes
Turn   | Place    | Note
-------+----------+-------------------------------------------
     0 | D:1      | Atlas the Draconian Earth Elementalist began the quest for
                  | the Orb.
     0 | D:1      | Reached XP level 1. HP: 14/14 MP: 3/3
   398 | D:1      | Reached XP level 2. HP: 4/20 MP: 0/5
  1573 | D:2      | Reached XP level 3. HP: 12/26 MP: 3/6
  1578 | D:2      | Learned a level 3 spell: Stone Arrow
  1581 | D:2      | Learned a level 2 spell: Passwall
  2066 | D:2      | Noticed Terence
  2150 | D:1      | Killed Terence
  2150 | D:1      | Reached skill level 1 in Unarmed Combat
  2150 | D:1      | Reached XP level 4. HP: 10/34 MP: 0/8
  3058 | D:3      | Noticed Natasha
  3062 | D:3      | Killed Natasha
  3205 | D:3      | Found a deep blue altar of Sif Muna.
  3216 | D:3      | Became a worshipper of Sif Muna the Loreminder
  3535 | D:3      | Noticed Natasha
  3549 | D:3      | Found a glowing golden altar of the Shining One.
  3566 | D:3      | Killed Natasha
  3566 | D:3      | Reached XP level 5. HP: 30/39 MP: 0/9
  3758 | D:3      | Noticed Natasha
  3800 | D:3      | Found a sacrificial altar of Ru.
  3929 | D:3      | Killed Natasha
  3929 | D:3      | Reached skill level 4 in Earth Magic
  4559 | D:4      | Found a staircase to the Ecumenical Temple.
  4878 | D:4      | Got a polished short sword
  4879 | D:4      | Identified the +1 short sword of Popular Demand {pierce,
                  | +Fly rF++ Str-5} (You found it on level 4 of the Dungeon)
  5119 | D:4      | Found a sparkling altar of Nemelex Xobeh.
  5195 | D:4      | Reached skill level 1 in Fighting
  5195 | D:4      | Reached XP level 6. HP: 47/47 MP: 4/11
  5417 | D:5      | Entered Level 5 of the Dungeon
  5455 | D:5      | Found a glowing drain.
  5463 | D:5      | Reached * piety under Sif Muna
  5509 | Sewer    | Entered a sewer
  5616 | Sewer    | Noticed Purgy
  5631 | Sewer    | Killed Purgy
  5906 | D:5      | HP: 2/47 [orc priest/divine providence (17)]
  5906 | D:5      | Killed from afar by an orc wizard

Levels and vault maps discovered:
D:1:      dpeg_arrival_rooms_c, layout_loops_ring
D:2:      layout_basic, serial_rivers, chequers_serial_rivers_small_3,
          chequers_serial_rivers_micro_c, chequers_serial_rivers_micro_c,
          chequers_serial_rivers_marsh, chequers_serial_rivers_micro_e,
          grunt_ministairs_15, uniq_terence
D:3:      layout_loops_corners, lemuel_doored_altar, nicolae_ru_awakened_eye,
          old_standard_altar, first_ration, uniq_natasha
D:4:      layout_loops_cross, minmay_temple_entry_slanted,
          nemelex_lonely_heart_becter
D:5:      layout_basic, kiku_gazebo_pond_becter, minitemple,
          portal_sewer_entry_f

Skill      XL: |  1  2  3  4  5  6 |
---------------+-------------------+-----
Stealth        | 2 3 |  3.2
Dodging        | 2 3 |  3.0
Unarmed Combat | 1 |  1.4
Spellcasting   | 3 |  3.7
Earth Magic    | 4 |  4.2
Fighting       | 1 |  1.4
Short Blades   | |  0.9
Staves         | |  0.1
Conjurations   | |  0.6
Transmutations | |  1.0

Action                   |  1- 3 |  4- 6 || total
-------------------------+-------+-------++-------
Melee: Unarmed           |    97 |    63 ||   160
       Tailslap          |     4 |    12 ||    16
       Staff             |       |    18 ||    18
       Punch             |       |     1 ||     1
       Short sword       |       |    78 ||    78
 Cast: Sandblast         |    34 |    34 ||    68
       Stone Arrow       |     1 |    23 ||    24
  Use: Potion            |     3 |     3 ||     6
       Scroll            |       |     8 ||     8
 Stab: Sleeping          |     5 |     3 ||     8
  Eat: Chunk             |     5 |    13 ||    18
Armor: Skin              |    39 |    81 ||   120
Dodge: Dodged            |    78 |   126 ||   204
Block: Other             |     8 |    39 ||    47
       Reflection        |       |     1 ||     1

Table legend:
 A = Non-vault XP
 B = Vault XP
 C = Vault XP percentage of total XP
 D = Non-vault monster count
 E = Vault monster count
 F = Vault count percentage of total count
                 A         B        C        D         E       F
            +---------+---------+-------+---------+---------+-------
      Total |     370 |     216 |  36.9 |      70 |      14 |  16.7
            +---------+---------+-------+---------+---------+-------
        D:1 |      18 |      36 |  66.7 |      12 |       1 |   7.7
        D:2 |      66 |       1 |   1.5 |      24 |       1 |   4.0
        D:3 |     138 |      35 |  20.2 |      24 |       1 |   4.0
        D:4 |     103 |       0 |   0.0 |       6 |       0 |   0.0
        D:5 |      45 |      15 |  25.0 |       4 |       6 |  60.0
      Sewer |       0 |     129 | 100.0 |       0 |       5 | 100.0
            +---------+---------+-------+---------+---------+-------
